 Dungeon Crawl Stone Soup version 0.21.1-1-g345015f (webtiles) character file.

21 tidbits the Insei (level 2, 0/23 HPs)
             Began as a Gnoll Transmuter on Feb 19, 2018.
             Slain by a hobgoblin
             ... wielding a +0 club
              (3 damage)
             ... on level 2 of the Dungeon.
             The game lasted 00:02:19 (180 turns).

tidbits the Insei (Gnoll Transmuter)                 Turns: 180, Time: 00:02:20

Health: 0/23       AC:  2    Str: 12    XL:     2   Next: 87%
Magic:  7/7        EV: 14    Int: 15    God:
Gold:   25         SH:  0    Dex: 15    Spells: 9/10 levels left

rFire    . . .     SeeInvis .     - Unarmed
rCold    . . .     Gourm    .   (no shield)
rNeg     . . .     Faith    .   b - +0 robe
rPois    .         Spirit   .   (no helmet)
rElec    .         Reflect  .   (no cloak)
rCorr    .         Harm     .   (no gloves)
MR       .....                  (no boots)
Stlth    ++........             (no amulet)
HPRegen  0.07/turn              (no ring)
MPRegen  0.10/turn              (no ring)

@: appendage
A: distributed training, fangs 1, horns 2, strong nose
a: End Transformation


You were on level 2 of the Dungeon.
You were not hungry.
You had grown temporary horns.
You visited 1 branch of the dungeon, and saw 2 of its levels.

You collected 25 gold pieces.

Inventory:

Hand Weapons
 a - a +0 dagger
 i - a +0 hunting sling
 k - a +0 hunting sling
Missiles
 e - 12 arrows
 j - 31 stones (quivered)
Armour
 b - a +0 robe (worn)
 f - a +0 pair of gloves
Scrolls
 g - a scroll of noise {unknown}
 h - 2 scrolls of blinking {unknown}
Books
 c - a book of Changes

   Spells                             Type                      Level
   a - Beastly Appendage              Transmutation                1
   b - Sticks to Snakes               Transmutation                2
   c - Spider Form                    Transmutation/Poison         3
   d - Ice Form                       Ice/Transmutation            4
   e - Blade Hands                    Transmutation                5
Comestibles
 d - a ration


   Skills:
 + Level 2.5 Fighting
 + Level 0.5 Short Blades
 + Level 0.5 Long Blades
 + Level 0.5 Axes
 + Level 0.5 Maces & Flails
 + Level 0.5 Polearms
 + Level 0.5 Staves
 + Level 0.5 Slings
 + Level 0.5 Bows
 + Level 0.5 Crossbows
 + Level 0.5 Throwing
 + Level 0.5 Armour
 + Level 4.5 Dodging
 + Level 0.5 Stealth
 + Level 0.5 Shields
 + Level 6.5 Unarmed Combat
 + Level 4.9 Spellcasting
 + Level 0.3 Conjurations
 + Level 0.3 Hexes
 + Level 0.3 Charms
 + Level 0.3 Summonings
 + Level 0.3 Necromancy
 + Level 0.3 Translocations
 + Level 3.7 Transmutations
 + Level 0.3 Fire Magic
 + Level 0.3 Ice Magic
 + Level 0.3 Air Magic
 + Level 0.3 Earth Magic
 + Level 0.3 Poison Magic
 + Level 0.6 Invocations
 + Level 0.5 Evocations


You had 9 spell levels left.
You knew the following spells:

 Your Spells              Type           Power        Failure   Level  Hunger
e - Beastly Appendage     Tmut           ##....       3%          1    None


Dungeon Overview and Level Annotations

Branches:
Dungeon (2/15)

Altars:


Innate Abilities, Weirdness & Mutations

Your experience applies equally to all skills.
You have very sharp teeth.
Your uncanny sense of smell can sniff out nearby items.
You have a pair of horns on your head.


Message History

The goblin is moderately wounded.
The goblin barely misses you.
You closely miss the goblin.
The goblin is moderately wounded.
The goblin misses you.
You hit the goblin.
You kill the goblin!
You barely miss the hobgoblin.
You headbutt the hobgoblin, but do no damage.
Your punch misses the hobgoblin. The hobgoblin misses you.
You hit the hobgoblin.
You kill the hobgoblin!
You barely miss the hobgoblin. The hobgoblin hits you with a club.
A goblin comes into view.
You barely miss the hobgoblin.
The goblin shouts!
The hobgoblin barely misses you.
You punch the hobgoblin!
You kill the hobgoblin!
A goblin comes into view.
You completely miss the goblin. The goblin hits you with a club.
* * * LOW HITPOINT WARNING * * *
You barely miss the goblin.
The goblin shouts!
You punch the goblin!
You kill the goblin!
The goblin shoots a stone.
The stone hits you!
* * * LOW HITPOINT WARNING * * *
A hobgoblin comes into view. It is wielding a club.
The goblin unwields an uncursed hunting sling.
The goblin wields an uncursed club.
The goblin hits you but does no damage.
Items here: ( )))) ††† Unknown command.
You punch the goblin!
You kill the goblin!
A kobold comes into view.
The kobold moves out of view.
A giant cockroach comes into view.
You hit the goblin.
The goblin is moderately wounded.
Your transformation is almost over.
The goblin barely misses you.
A frilled lizard comes into view.
The frilled lizard hisses angrily.
You hit the goblin.
You kill the goblin!
You punch the goblin!
You kill the goblin!
Casting: Beastly Appendage
Confirm with . or Enter, or press ? or * to list all spells.
You extend your transformation's duration.
You aren't carrying any potions.
Unknown command.
You barely miss the hobgoblin. The hobgoblin barely misses you.
You closely miss the hobgoblin.
The hobgoblin hits you but does no damage.
You closely miss the hobgoblin. The hobgoblin closely misses you.
You hit the hobgoblin. Your headbutt misses the hobgoblin.
The hobgoblin is heavily wounded.
You barely miss the hobgoblin. Your headbutt misses the hobgoblin.
The hobgoblin is heavily wounded.
The hobgoblin closely misses you.
You barely miss the hobgoblin.
The hobgoblin is heavily wounded.
The hobgoblin misses you.
You completely miss the hobgoblin. Your headbutt misses the hobgoblin.
The hobgoblin is heavily wounded.
The hobgoblin hits you with a club.
* * * LOW HITPOINT WARNING * * *
You hit the hobgoblin but do no damage.
You kill the hobgoblin!
You barely miss the kobold.
You kill the kobold!
You hit the giant cockroach.
You kill the giant cockroach!
You hit the frilled lizard.
Your headbutt misses the frilled lizard.
The frilled lizard is heavily wounded.
The frilled lizard closely misses you.
You closely miss the frilled lizard. Your punch misses the frilled lizard.
The frilled lizard is heavily wounded.
The frilled lizard barely misses you.
You punch the frilled lizard!
You kill the frilled lizard!
There is an open door, spattered with blood here.
Items here: ) ? ††††††
h - 2 scrolls labeled INKIOFI TIOCLU (gained 1)
Items here: ( )))) †††
i - a hunting sling;
j - 20 stones
Items here: ( )) † an uncursed club; an uncursed hunting sling; 11 stones; a goblin corpse
k - an uncursed hunting sling;
j - 31 stones (gained 11)
A goblin and a hobgoblin come into view.
The goblin shouts!
The hobgoblin shouts!
A hobgoblin opens the door.
There is an open door here.
You barely miss the hobgoblin.
You headbutt the hobgoblin, but do no damage.
The hobgoblin hits you with a club.
You die...

#######.###.##.#
.........#.#
##..###..[.#
∆##.###...<###
∆∆∆#...#......#
####+####.......##
##.#...#.##....#.#
#..g...'..#....#.#
#g#@..#.##..###.#
####'####...# .#
#.).#.....# .# #
##)##....## ∆
#..#)#...######.
#..............
#......#.######
.....######.#
..... .#


You could see a hobgoblin and a goblin.

Vanquished Creatures
  2 bats (D:2)
  A giant cockroach (D:2)
  6 goblins
  5 hobgoblins
  A frilled lizard (D:2)
  2 kobolds (D:2)
17 creatures vanquished.

Notes
Turn   | Place    | Note
-------+----------+-------------------------------------------
     0 | D:1      | tidbits the Gnoll Transmuter began the quest for the Orb.
     0 | D:1      | Reached XP level 1. HP: 17/17 MP: 6/6
    99 | D:2      | Noticed a sky beast
   132 | D:2      | Reached XP level 2. HP: 18/23 MP: 5/7
   165 | D:2      | HP: 2/23 [hobgoblin/club (2)]
   180 | D:2      | Slain by a hobgoblin

Action                   || total
-------------------------++-------
Melee: Unarmed           ||    46
       Kick              ||     3
       Headbutt          ||     8
       Bite              ||     1
 Cast: Beastly Appendage ||     5
Armor: Robe              ||     6
Dodge: Dodged            ||    26

Table legend:
 A = Turns spent in this place as a percentage of turns spent in the entire game.
 B = Non-inter-level travel turns spent in this place as a percentage of non-inter-level travel turns spent in the entire game.
 C = Inter-level travel turns spent in this place as a percentage of turns spent in this place.
 D = Turns resting spent in this place as a percentage of non-inter-level travel turns spent in this place.
 E = Turns spent auto-exploring this place as a percentage of non-inter-level travel turns spent in this place.
 F = Non-inter-level travel turns spent in this place divided by the number of levels of this place that you've seen.
                   A       B       C       D       E      F
               +-------+-------+-------+-------+-------+----------------------
         Total | 100.0 | 100.0 |   0.0 |   0.0 |   0.0 |  90.0
       Dungeon | 100.0 | 100.0 |   0.0 |   0.0 |   0.0 |  90.0
               +-------+-------+-------+-------+-------+----------------------

Table legend:
 A = Kills in this place as a percentage of kills in entire the game.
 B = Kills by you in this place as a percentage of kills by you in the entire game.
 C = Kills by friends in this place as a percentage of kills by friends in the entire game.
 D = Other kills in this place as a percentage of other kills in the entire game.
 E = Experience gained in this place as a percentage of experience gained in the entire game.
 F = Experience gained in this place divided by the number of levels of this place that you have seen.
                   A       B       C       D       E      F
               +-------+-------+-------+-------+-------+----------------------
         Total | 100.0 | 100.0 |   N/A |   N/A | 100.0 |  15.5
       Dungeon | 100.0 | 100.0 |   N/A |   N/A | 100.0 |  15.5
               +-------+-------+-------+-------+-------+----------------------

Vault maps used:
D:1:      roderic_chinese_lattice_arrival, minmay_box_of_dots
D:2:      cheibrodos_greedy_goblins, gammafunk_temple_overflow_claw
